 Dungeon Crawl Stone Soup version 0.29.0-13-gc9e81de378 (webtiles) character file.

Game seed: 7358932932141306524

457 groovy9 the Basher (level 6, -1/51 HPs)
             Began as a Minotaur Berserker on Sept 8, 2022.
             Was a Priest of Trog.
             Slain by an ogre
             ... wielding a +0 giant spiked club
              (27 damage)
             ... on level 5 of the Dungeon.
             The game lasted 00:10:04 (3598 turns).

groovy9 the Basher (Minotaur Berserker)             Turns: 3598, Time: 00:10:04

Health: -1/51      AC:  9    Str: 24    XL:     6   Next: 77%
Magic:  5/5        EV: 14    Int:  4    God:    Trog [***...]
Gold:   265        SH:  0    Dex:  9    Spells: 5/5 levels left

rFire   . . .      SeeInvis .   t - +0 morningstar
rCold   . . .      Faith    .   (no shield)
rNeg    + . .      Spirit   .   q - +3 scale mail
rPois   .          Reflect  .   (helmet restricted)
rElec   .          Harm     .   (no cloak)
rCorr   .          Rampage  .   (no gloves)
Will    .....                   (no boots)
Stlth   ..........              (no amulet)
HPRegen 0.17/turn               o - +4 ring of evasion
MPRegen 0.09/turn               m - ring of positive energy

@: no status effects
A: horns 2, retaliatory headbutt
a: Renounce Religion, Berserk, Trog's Hand


You were on level 5 of the Dungeon.
You worshipped Trog.
Trog was most pleased with you.
You visited 1 branch of the dungeon, and saw 5 of its levels.

You collected 265 gold pieces.

Inventory:

Hand Weapons
 t - a +0 morningstar (weapon)
Missiles
 c - 15 poisoned darts (quivered)
 k - 3 atropa-tipped darts
 l - 60 stones
Armour
 q - a +3 scale mail (worn)
Jewellery
 i - a +6 ring of intelligence
 j - a ring of flight
 m - a ring of positive energy (right hand)
 o - a +4 ring of evasion (left hand)
Wands
 n - a wand of flame (18)
Scrolls
 a - 3 scrolls of identify
 d - a scroll of amnesia
 g - 6 scrolls of teleportation
Potions
 b - a potion of curing
 e - a potion of mutation
 f - 3 potions of heal wounds
 h - a potion of lignification
 p - 2 potions of berserk rage


   Skills:
 - Level 3.6 Fighting
 + Level 9.3 Maces & Flails
 - Level 2.4 Armour
 - Level 2.1 Dodging


You had 5 spell levels left.
You didn't know any spells.
Your spell library was empty.

Dungeon Overview and Level Annotations

Branches:
Dungeon (5/15)
 Temple: D:4-7

Altars:
Vehumet
Zin


Innate Abilities, Weirdness & Mutations

You have a pair of horns on your head.
You reflexively headbutt those who attack you in melee.


Message History

There is a stone staircase leading up here.
Found a spear.
Found a scale mail.
Found a stone staircase leading up.
A howler monkey comes into view.
The howler monkey howls!
You closely miss the howler monkey. You headbutt the howler monkey.
The howler monkey is lightly wounded.
An ufetubus comes into view.
The howler monkey closely misses you. You furiously retaliate!
You headbutt the howler monkey! You barely miss the howler monkey.
The ufetubus shouts!
Your headbutt misses the howler monkey.
The howler monkey is severely wounded.
You hear a shout!
The howler monkey closely misses you.
You sock the howler monkey!
You kill the howler monkey!
Trog accepts your kill.
An ogre comes into view. It is wielding a +0 giant spiked club.
You completely miss the ufetubus. Your headbutt misses the ufetubus.
The ufetubus closely misses you. x2
The ufetubus hits you but does no damage.
The ufetubus closely misses you.
You puncture the ufetubus!
You kill the ufetubus!
Trog accepts your kill.
You hit the ogre. Your headbutt misses the ogre.
The ogre is lightly wounded.
The ogre hits you with a +0 giant spiked club!!
You are too injured to fight recklessly!
You are too injured to fight recklessly!
You hit the ogre. Your headbutt misses the ogre.
The ogre is moderately wounded.
You hit the ogre. You headbutt the ogre!
The ogre is severely wounded.
The ogre hits you with a +0 giant spiked club!!
Ouch! That really hurt!
You die...

... .. #.#.# #.# .....
... ##.#.# #.#
####........ #...
....#.#.#.#.#.# #..[
#.....O...... ....
##.#@#.#.#. #).
##.†..<...... . #.#
#.#.#.#.#.#.# ..
##..####.....##..
..##....#.....#......
#....#..#....##.......
##..##..###...#
..###.. ##......##
##........ ..
........<# #.........


You could see an ogre.

Vanquished Creatures
  A bullfrog (D:3)
  A necrophage (D:4)
  A howler monkey (D:5)
  3 orc priests
  A hound (D:4)
  An iguana (D:4)
  A statue (D:4)
  3 adders
  An ufetubus (D:5)
  A worm (D:3)
  A dart slug (D:1)
  8 orcs
  16 ball pythons
  3 bats
  3 endoplasms
  4 giant cockroaches
  4 goblins
  6 hobgoblins
  4 jackals (D:1)
  4 quokkas
  9 frilled lizards
  6 kobolds
  7 rats
89 creatures vanquished.

Notes
Turn   | Place    | Note
-------+----------+-------------------------------------------
     0 | D:1      | groovy9 the Minotaur Berserker began the quest for the Orb.
     0 | D:1      | Reached XP level 1. HP: 19/19 MP: 0/0
    50 | D:1      | Reached skill level 4 in Maces & Flails
   149 | D:1      | Reached XP level 2. HP: 16/26 MP: 1/1
   727 | D:1      | Reached skill level 5 in Maces & Flails
   727 | D:1      | Reached ** piety under Trog
   915 | D:1      | Reached XP level 3. HP: 31/31 MP: 2/2
  1210 | D:1      | Found a faded altar of an unknown god.
  1484 | D:2      | Found a glowing silver altar of Zin.
  1875 | D:2      | You fall into a shaft and drop 1 floor!
  1908 | D:3      | Reached skill level 6 in Maces & Flails
  1908 | D:3      | Reached XP level 4. HP: 39/39 MP: 3/3
  2131 | D:3      | Noticed a bullfrog
  2134 | D:3      | Killed a bullfrog
  2135 | D:3      | Reached skill level 7 in Maces & Flails
  2135 | D:3      | Reached XP level 5. HP: 45/45 MP: 4/4
  2576 | D:4      | Found a radiant altar of Vehumet.
  2576 | D:4      | Noticed a frost-covered statue
  2639 | D:4      | Killed a frost-covered statue
  3068 | D:4      | Reached skill level 8 in Maces & Flails
  3068 | D:4      | Reached XP level 6. HP: 44/51 MP: 5/5
  3234 | D:4      | Reached *** piety under Trog
  3364 | D:4      | Reached skill level 9 in Maces & Flails
  3578 | D:5      | Entered Level 5 of the Dungeon
  3598 | D:5      | Slain by an ogre

Illustrated notes

Levels and vault maps discovered:
D:1:      ebering_trefoil_3fold, layout_rooms,
          shapermc_ecumenical_altar_hornbeckon, minmay_tromino_mix6
D:2:      layout_basic, basic_altar, minmay_fountain_box
D:3:      layout_basic, moated_statue, wander_ebering_terrifying_dragon_lair
D:4:      layout_loops_ring, vehumet_statue
D:5:      layout_layer_cave, overflow_temple_1_default, enter_ossuary_3,
          serial_shops, shop_statue, st_stairs_10, dk_rats_in_the_wall

Skill      XL: |  1  2  3  4  5  6 |
---------------+-------------------+-----
Maces & Flails | 4 5 6 7 8 9 |  9.3
Fighting       | |  3.6
Armour         | |  2.4
Dodging        | |  2.1

Action                   |  1- 3 |  4- 6 || total
-------------------------+-------+-------++-------
Melee: Mace              |    79 |    49 ||   128
       Headbutt          |     8 |    10 ||    18
       Punch             |     1 |       ||     1
       Morningstar       |       |    56 ||    56
Invok: Berserk           |     1 |     2 ||     3
       Trog's Hand       |     1 |     1 ||     2
  Use: Scroll            |     7 |     3 ||    10
       Potion            |       |     1 ||     1
Armor: Animal skin       |    15 |       ||    15
       Leather armour    |     4 |       ||     4
       Scale mail        |     1 |    37 ||    38
Dodge: Dodged            |    65 |    78 ||   143
